General information
- name: grudge01
- type: Custom game
- host: FINeX
- saver: FINeX
map: TerenasStand
- players: 4
- length: 24:03
- speed: Fast
- version: 1.21 W3XP
- replay type: Public
» download(77 KB)
Players
team 1 (winner)
Dexanth (
gray | 105 APM | 2431 actions | 23:07)
6 Dark Ranger
3 Black Arrow
2 Silence
1 Charm
5 Naga Sea Witch
3 Frost Arrows
2 Forked Lightning
» actions
| Assign group hotkey | 55 | |
| Basic commands | 14 | |
| Build / train | 87 | |
| Enter build submenu | 28 | |
| Enter hero's abilities submenu | 11 | |
| Give item / drop item | 6 | |
| Remove unit from queue | 6 | |
| Right click | 1099 | |
| Select / deselect | 384 | |
| Select group hotkey | 618 | |
| Use ability | 123 | |
2431 total
» units
| Wisp | 28 | |
| Archer | 5 | |
| Druid of the Claw | 2 | |
| Dryad | 6 | |
| Hippogryph | 1 | |
| Chimaera | 2 | |
44 total
» upgrades
| Abolish Magic | 1 | |
| Druid of the Claw Training | 2 | |
| Strength of the Wild | 3 | |
| Ultravision | 1 | |
| Reinforced Hides | 2 | |
| Well Spring | 1 | |
| Corrosive Breath | 1 | |
11 total
» buildings
| Moon Well | 9 | |
| Ancient of War | 2 | |
| Altar of Elders | 1 | |
| Tree of Ages | 1 | |
| Hunter's Hall | 1 | |
| Ancient of Wonders | 3 | |
| Ancient of Lore | 2 | |
| Tree of Eternity | 3 | |
| Tree of Life | 3 | |
| Ancient of Wind | 1 | |
| Chimaera Roost | 2 | |
28 total
» build order
00:18 Moon Well
00:33 Ancient of War
00:39 Altar of Elders
01:09 Moon Well
03:09 Tree of Ages
03:54 Hunter's Hall
04:40 Moon Well
05:40 Ancient of Wonders
05:41 Ancient of Lore
05:42 Ancient of Lore
05:43 Ancient of Wonders
06:07 Tree of Eternity
06:07 Tree of Eternity
07:45 Moon Well
08:54 Tree of Life
11:06 Tree of Life
11:11 Moon Well
11:23 Moon Well
12:27 Moon Well
14:04 Moon Well
15:07 Ancient of Wonders
17:22 Ancient of War
17:53 Ancient of Wind
18:02 Tree of Life
19:06 Chimaera Roost
19:49 Chimaera Roost
21:59 Moon Well
» items
| Boots of Speed | 2 | |
| Scroll of Town Portal | 3 | |
| Staff of Preservation | 1 | |
| Potion of Lesser Invulnerability | 1 | |
| Dust of Appearance | 1 | |
8 total
team 2 (loser)
OMGGOONRUSH (
purple | 61 APM | 1415 actions | 23:07)
4 Crypt Lord
2 Carrion Beetles
2 Spiked Carapace
2 Death Knight
1 Death Coil
1 Unholy Aura
» actions
| Assign group hotkey | 76 | |
| Basic commands | 62 | |
| Build / train | 63 | |
| Enter build submenu | 14 | |
| Enter hero's abilities submenu | 6 | |
| Give item / drop item | 4 | |
| Right click | 511 | |
| Select / deselect | 411 | |
| Select group hotkey | 180 | |
| Use ability | 88 | |
1415 total
» units
| Acolyte | 7 | |
| Ghoul | 5 | |
| Crypt Fiend | 6 | |
| Goblin Sapper | 1 | |
| Obsidian Statue | 6 | |
| Gargoyle | 6 | |
31 total
» upgrades
| Burrow | 1 | |
| Destroyer Form | 1 | |
| Stone Form | 1 | |
3 total
» buildings
| Graveyard | 1 | |
| Crypt | 1 | |
| Altar of Darkness | 1 | |
| Ziggurat | 7 | |
| Tomb of Relics | 1 | |
| Nerubian Tower | 2 | |
| Spirit Tower | 3 | |
| Halls of the Dead | 1 | |
| Black Citadel | 1 | |
| Slaughterhouse | 1 | |
19 total
» build order
00:08 Graveyard
00:20 Crypt
00:43 Altar of Darkness
00:59 Ziggurat
01:39 Ziggurat
02:00 Tomb of Relics
03:58 Nerubian Tower
04:00 Spirit Tower
04:38 Halls of the Dead
04:43 Ziggurat
07:27 Ziggurat
08:04 Ziggurat
08:06 Ziggurat
08:55 Ziggurat
08:59 Nerubian Tower
09:01 Spirit Tower
10:36 Spirit Tower
13:53 Black Citadel
13:57 Slaughterhouse
» items
| Rod of Necromancy | 3 | |
| Potion of Healing | 3 | |
| Potion of Lesser Invulnerability | 1 | |
| Scroll of Town Portal | 3 | |
| Potion of Mana | 1 | |
| Orb of Corruption | 1 | |
12 total
refereesFINeX,
HERNaNDO Chat log
(00:00) Dexanth: 0
(00:07 / Referees) FINeX: This replay brought to you by clan TwT.
(00:13 / All) Dexanth: GG GL HF Manner up
(00:27 / All) Dexanth: For the magnetic wolf! HOOOOWWWLL!
(00:30 / All) Dexanth: Ok enough gayness
(00:43 / All) HERNaNDO: lol
(02:01 / All) Dexanth: Zoom zoom zoom
(06:52 / All) HERNaNDO: p. nice fite imo
(23:06 / All) OMGGOONRUSH: gg